 Dungeon Crawl Stone Soup version 0.28-a0-697-g47f3eba078 (webtiles) character file.

Game seed: 14584445415027454477

53 KoroneIsBestGirl the Chiller (level 3, -2/24 HPs)
             Began as a Barachi Ice Elementalist on Oct 21, 2021.
             Was an Initiate of Ru.
             Slain by Sigmund (9 damage)
             ... on level 3 of the Dungeon on Oct 23, 2021.
             The game lasted 00:04:13 (2847 turns).

KoroneIsBestGirl the Chiller (BaIE)                 Turns: 2847, Time: 00:04:14

Health: -2/24      AC:  2    Str:  9    XL:     3   Next: 87%
Magic:  7/7        EV: 12    Int: 16    God:    Ru [......]
Gold:   85         SH:  0    Dex: 12    Spells: 3/7 levels left

rFire   . . .      SeeInvis .   h - +0 dagger
rCold   . . .      Faith    .   (no shield)
rNeg    . . .      Spirit   .   a - +0 robe
rPois   .          Reflect  .   (no helmet)
rElec   .          Harm     .   (no cloak)
rCorr   .          Rampage  .   (no gloves)
Will    .....                   (no boots)
Stlth   ++........              (no amulet)
HPRegen 0.08/turn               (no ring)
MPRegen 0.10/turn               (no ring)

@: unable to hop, slow
A: amphibious, slowness 1, strong legs 1, +LOS
a: Hop, Renounce Religion


You were on level 3 of the Dungeon.
You worshipped Ru.
Ru was noncommittal.
You visited 1 branch of the dungeon, and saw 3 of its levels.

You collected 85 gold pieces.

Inventory:

Hand Weapons
 h - a +0 dagger (weapon)
Armour
 a - a +0 robe (worn)
Jewellery
 n - an amulet of guardian spirit
Scrolls
 b - a scroll of blinking {unknown}
 d - a scroll of holy word {unknown}
 e - a scroll of identify {unknown}
 g - 2 scrolls of teleportation {unknown}
 i - a scroll of silence {unknown}
 l - a scroll of noise {unknown}
Potions
 c - a potion of degeneration {unknown}
 f - a potion of lignification {unknown}
 j - a potion of ambrosia {unknown}
 k - a potion of might {unknown}
 m - 3 potions of curing {unknown}


   Skills:
 + Level 2.8 Dodging
 - Level 1.8 Stealth
 - Level 0.2 Unarmed Combat
 * Level 2.8 Spellcasting
 + Level 5.7 Ice Magic


You had 3 spell levels left.
You knew the following spells:

 Your Spells              Type           Power      Damage    Failure   Level
a - Freeze                Ice            80%        1d9       1%          1
b - Frozen Ramparts       Ice            40%        1d6       5%          3

Your spell library contained the following spells:

 Spells                   Type           Power      Damage    Failure   Level
 Ozocubu's Armour         Ice            20%        N/A       5%          3
 Hailstorm                Conj/Ice       11%        3d5       52%         4


Dungeon Overview and Level Annotations

Branches:
Dungeon (3/15)

Altars:
Ru

Shops:
D:1 *   D:2 =   D:3 !

Annotations:
D:3 Sigmund


Innate Abilities, Weirdness & Mutations

You are amphibious.
You cover ground slowly.
You can hop short distances.
You have an extended range of vision and can be seen from far away.


Message History

Things that are here:
a +0 trident; a +0 leather armour; an orc corpse
Things that are here:
a +0 club; an orc corpse
Found a stone staircase leading up.
There is a stone staircase leading up here.
m - 3 glowing coppery potions (gained 1)
Found Baxziloh's Distillery.
Found an escape hatch in the ceiling.
There is an escape hatch in the ceiling here.
There is an entrance to Baxziloh's Distillery here.
A rat comes into view.
Found a stone staircase leading down.
A rat is nearby!
No target in view!
No target in view!
Found 29 arrows.
No target in view!
Found a thick bone amulet.
The rat twitches its whiskers.
You freeze the rat.
The rat is heavily wounded.
The rat bites you.
You freeze the rat.
You kill the rat!
You can't see any susceptible monsters within range! (Use Z to cast anyway.)
n - an amulet of guardian spirit Sigmund the Dreaded comes into view.
He is wielding a +0 scythe.
Found a mace.
Sigmund is nearby!
Sigmund shouts!
Sigmund casts a spell at you. The magic dart hits you!
You see here 29 arrows.
Found an escape hatch in the ceiling.
Sigmund hits you with a +0 scythe!
* * * LOW HITPOINT WARNING * * *
Hop to where?
Press: ? - help, Dir - move target Boing!
Sigmund hits you from afar with a +0 scythe!
You die...

##.......#.# # #
##.....##.# .# #.
####.†.###.# .#
#.##.###.####.####.##
#.#......>.....(°...###
#.....................###
#.........###.##@...)....
##.....#### #...$......##
##...## #..@.........
##.## ##.........## #.#
####...#### #.## ...#
#..# ...# #.8##########
#.## #.###...........# .#
.$..8.∩<8.#####.## .#
#.###..#######...##.#


You could see Sigmund.

Vanquished Creatures
  3 orcs (D:3)
  A ball python (D:1)
  A bat (D:2)
  4 endoplasms (D:1)
  3 giant cockroaches (D:2)
  4 goblins (D:1)
  4 hobgoblins
  7 jackals
  4 kobolds (D:2)
  3 quokkas (D:1)
  A frilled lizard (D:2)
  6 rats
41 creatures vanquished.

Vanquished Creatures (others)
  A demonic plant (D:1)
1 creature vanquished.

Grand Total: 42 creatures vanquished

Notes
Turn   | Place    | Note
-------+----------+-------------------------------------------
     0 | D:1      | KoroneIsBestGirl the Barachi Ice Elementalist began the
                  | quest for the Orb.
     0 | D:1      | Reached XP level 1. HP: 13/13 MP: 3/3
   188 | D:1      | Reached skill level 5 in Ice Magic
   478 | D:1      | Reached XP level 2. HP: 15/19 MP: 1/5
   651 | D:1      | Upgraded the game from 0.28-a0-691-gad6df49e81 to
                  | 0.28-a0-697-g47f3eba078
  1450 | D:1      | Found Paatyut's General Store.
  1670 | D:1      | Reached XP level 3. HP: 24/24 MP: 3/6
  1806 | D:1      | Found a faded altar of an unknown god.
  1806 | D:1      | Noticed a smoke demon
  1817 | D:1      | Prayed at the altar of an unknown god.
  1817 | D:1      | Became a worshipper of Ru the Awakened
  1868 | D:2      | Learned a level 3 spell: Frozen Ramparts
  2194 | D:2      | Found Ahuze's Jewellery Boutique.
  2771 | D:3      | Found Baxziloh's Distillery.
  2841 | D:3      | Noticed Sigmund
  2847 | D:3      | Slain by Sigmund

Illustrated notes

Levels and vault maps discovered:
D:1:      dpeg_arrival_chambers_temple_mockup, layout_basic, serial_shops,
          nicolae_lakefront_shop, serial_co_window_serial, co_window_corner_a,
          co_window_corner_a, co_window_paths_a, co_window_paths_b,
          co_window_corner_a, co_window_2corner, co_window_broadway_c,
          co_window_unsneaky_path_a, co_window_of_opportunity_b,
          co_window_paths_c, co_window_of_opportunity_b, co_window_paths_e,
          glass_columns_a, glass_columns_a, glass_columns_b, glass_columns_b,
          dreamdust_ecumenical_altar_sealed_demon
D:2:      layout_rooms, serial_shops, nicolae_shop_waterfront
D:3:      layout_loops_ring, fiery_altar_vehumet, trog_butcher_becter,
          serial_shops, nicolae_shop_statue_plus, uniq_ijyb,
          uniq_crazy_yiuf_cottage, uniq_terence, uniq_sigmund

Skill      XL: |  1 |
---------------+----+-----
Ice Magic      | 5 |  5.7
Dodging        | |  2.8
Stealth        | |  1.8
Unarmed Combat | |  0.2
Spellcasting   | |  2.8

Action                   || total
-------------------------++-------
Melee: Unarmed           ||     9
       Dagger            ||     4
 Cast: Freeze            ||    60
       Frozen Ramparts   ||     1
Invok: Reject Sacrifices ||     1
 Abil: Hop               ||     1
Armor: Robe              ||     8
Dodge: Dodged            ||    36

Table legend: (Time is in decaauts)
 A = Elapsed time spent in this place.
 B = Non-inter-level travel time spent in this place.
 C = Inter-level travel time spent in this place.
 D = Time resting spent in this place.
 E = Time spent auto-exploring this place.
 F = Levels seen in this place.
 G = Mean time per level.
                   A        B        C        D        E       F      G
               +--------+--------+--------+--------+--------+-----+--------+
         Total |   3135 |   3119 |     16 |      8 |   2777 |   3 | 1045.0 |
       Dungeon |   3135 |   3119 |     16 |      8 |   2777 |   3 | 1045.0 |
               +--------+--------+--------+--------+--------+-----+--------+

Top non-repeatable levels by time:
     D:1: 2026 daAuts
     D:2: 738 daAuts
     D:3: 369 daAuts
